 Dungeon Crawl Stone Soup version 0.24-a0-312-g16217b4 (webtiles) character file.

Game seed: 12859328106215217772

16161 nikopol the Severer (level 12, -5/108 HPs)
             Began as a Minotaur Berserker on May 15, 2019.
             Was a High Priest of Trog.
             Slain by an eight-headed hydra (8 damage)
             ... on level 2 of the Lair of Beasts.
             The game lasted 00:24:58 (11957 turns).

nikopol the Severer (Minotaur Berserker)           Turns: 11957, Time: 00:24:59

Health: -5/108     AC: 17    Str: 30    XL:     12   Next: 7%
Magic:  3/11       EV: 12    Int: 18    God:    Trog [*****.]
Gold:   145        SH:  0    Dex: 11    Spells: 11/11 levels left

rFire    + + .     SeeInvis .   O - +6 mace of Ixtoups {freeze, Int+2}
rCold    + . .     Gourm    .   (no shield)
rNeg     . . .     Faith    .   I - +0 chain mail "Duatsyed" {rF++ rCorr Str+4 Int+6} (curse)
rPois    .         Spirit   .   K - +0 hat of the Grue {Slay+3} (curse)
rElec    .         Reflect  .   J - +2 cloak {+Inv}
rCorr    +         Harm     .   (no gloves)
MR       .....                  G - +1 pair of boots "Edeulubb" {Int+6}
Stlth    ..........             (no amulet)
HPRegen  0.28/turn              j - ring of protection from cold
MPRegen  0.12/turn              t - ring of resist corrosion

@: berserk cooldown
A: retaliatory headbutt, horns 2
a: Berserk, Trog's Hand, Brothers in Arms, Renounce Religion, Evoke Invisibility


You were on level 2 of the Lair of Beasts.
You worshipped Trog.
Trog was extremely pleased with you.
You were near starving.

You visited 2 branches of the dungeon, and saw 12 of its levels.
You also visited: Ossuary and Gauntlet.

You collected 601 gold pieces.
You spent 456 gold pieces at shops.

Inventory:

Hand Weapons
 a - a +4 antimagic battleaxe
 p - a +0 war axe
 O - the +6 mace of Ixtoups (weapon) {freeze, Int+2}
   (You found it on level 2 of the Lair of Beasts)

   It has been specially enchanted to freeze those struck by it, causing extra
   injury to most foes and up to half again as much damage against particularly
   susceptible opponents.
   It can also slow down cold-blooded creatures.
   It affects your intelligence (+2).
 S - a +2 battleaxe of venom
 U - a +3 arbalest of flaming
Missiles
 e - 173 arrows
Armour
 A - the +1 ring mail of the Hidden Vale {rN++ Dex+7}
   (You found it on level 4 of the Dungeon)

   It affects your dexterity (+7).
   It greatly protects you from negative energy.
 G - the +1 pair of boots "Edeulubb" (worn) {Int+6}
   (You bought it in a shop on level 4 of the Dungeon)

   It affects your intelligence (+6).
 H - a scarf of spirit shield
 I - the cursed +0 chain mail "Duatsyed" (worn) {rF++ rCorr Str+4 Int+6}
   (You bought it in a shop on level 4 of the Dungeon)

   It affects your strength (+4).
   It affects your intelligence (+6).
   It greatly protects you from fire.
   It provides partial protection from all sources of acid and corrosion.
   It has a curse placed upon it.
 J - a +2 cloak of invisibility (worn)
 K - the cursed +0 hat of the Grue (worn) {Slay+3}
   (You found it in a Gauntlet)

   It affects your accuracy and damage with ranged weapons and melee attacks
   (+3).
   It has a curse placed upon it.
 N - a +1 plate armour of magic resistance
 P - a +0 hat
 R - the +1 ring mail of the Barber Surgeon {rPois, unknown}
   (You found it in a Gauntlet)

   It protects you from poison.
 V - a +4 chain mail of fire resistance
Jewellery
 j - a ring of protection from cold (left hand)
 t - a ring of resist corrosion (right hand)
 B - an uncursed ring of positive energy
Wands
 f - a wand of disintegration (38)
 L - a wand of paralysis (7)
 M - a wand of random effects (14)
 Q - a wand of iceblast (6)
Scrolls
 i - 3 scrolls of immolation
 l - 8 scrolls of teleportation
 m - 2 scrolls of magic mapping
 n - 4 scrolls of enchant weapon {unknown}
 q - 2 scrolls of noise {unknown}
 v - 2 scrolls of enchant armour {unknown}
 y - 9 scrolls of remove curse {unknown}
 C - a scroll of acquirement {unknown}
 D - 2 scrolls of fog {unknown}
 E - 3 scrolls of blinking {unknown}
 F - 2 scrolls of fear {unknown}
 T - a scroll of vulnerability {unknown}
Potions
 b - a potion of resistance {unknown}
 d - 4 potions of mutation
 g - 4 potions of brilliance {unknown}
 h - 4 potions of curing
 k - 6 potions of agility
 o - 2 potions of magic
 r - 3 potions of berserk rage
 s - 4 potions of cancellation
 u - 6 potions of lignification
 w - 4 potions of heal wounds
 x - a potion of degeneration {unknown}
 z - 2 potions of invisibility
Comestibles
 c - 30 rations


   Skills:
 + Level 10.9 Fighting
 + Level 16.3 Axes
 + Level 10.1 Armour
 + Level 6.8 Dodging
 + Level 3.3 Stealth


You had 11 spell levels left.
You didn't know any spells.
Your spell library was empty.

Dungeon Overview and Level Annotations

Branches:
Dungeon (10/15)            Temple (0/1) D:4            Lair (2/6) D:9
  Swamp (0/4) Lair:2
  Snake: Lair:2-4    Spider: Lair:2-4       Orc: D:9-12

Altars:
Ashenzari
Dithmenos
Gozag
Qazlal
The Shining One

Shops:
D:4 [

Annotations:
D:7 Pikel


Innate Abilities, Weirdness & Mutations

You reflexively headbutt those who attack you in melee.
You have a pair of horns on your head.


Message History

The eight-headed hydra bites you!
* * * LOW HITPOINT WARNING * * *
The eight-headed hydra barely misses you.
The eight-headed hydra bites you.
* * * LOW HITPOINT WARNING * * *
The eight-headed hydra bites you but does no damage. x3
The eight-headed hydra closely misses you.
The blink frog falters for a moment.
The blink frog blinks!
You sock the eight-headed hydra! You freeze the eight-headed hydra.
The eight-headed hydra is heavily wounded.
The blink frog hits you but does no damage.
The eight-headed hydra bites you!
* * * LOW HITPOINT WARNING * * *
The eight-headed hydra bites you but does no damage.
The eight-headed hydra barely misses you.
The eight-headed hydra bites you!
* * * LOW HITPOINT WARNING * * *
The eight-headed hydra barely misses you.
The eight-headed hydra bites you!
You die...

*#..∩.................,,,,,,,,**
#.....................,,,,,****
###..............>......,,,,,,***
#.......................,,,,,,,,,
.##........................,,,,,,
..................#.#.....**,,,,,
...................#,...P***.....
..#......##.##.#÷.##*#..###,.....
.###...P########@.# #..#.##.....
.,*##...# #FD####...........
,***#..## #.....†...........
,**....# *****#.................
,,,##..****,,,#...###............
,,,,,,,,,,,,......##.P..........#
,,,,,,,,,,,.......##P..........P#
*,,,***,*,,.......###..........##
**,,* **,,,.......#,##........###


You could see an eight-headed hydra and a blink frog.

Vanquished Creatures
  A minotaur (Gauntlet)
  A green death (Gauntlet)
  A death ooze (Gauntlet)
  2 two-headed ogres
  A black mamba (Lair:1)
  5 spiny frogs
  An orange demon (Gauntlet)
  A komodo dragon (Lair:1)
  A polar bear (Lair:2)
  A troll (D:9)
  3 blink frogs (Lair:2)
  2 hornets (D:9)
  The ghost of MisterFreud the Slasher, an amateur OpFi (D:5)
  3 hippogriffs
  A vampire (D:9)
  14 yaks
  A wraith (Ossuary)
  A steam dragon (D:8)
  A hungry ghost (D:8)
  Menkaure (D:5)
  2 water moccasins (Lair:1)
  4 porcupines (Lair:1)
  2 sky beasts (D:9)
  2 orc warriors
  An ice beast (D:8)
  2 black bears
  2 necrophages
  7 ogres
  A phantom (D:9)
  A boggart (Gauntlet)
  6 wolves (Lair:1)
  2 crocodiles
  2 big kobolds (D:9)
  7 bullfrogs
  An elf zombie (Ossuary)
  A wyvern zombie (D:6)
  10 killer bees
  5 wights (D:9)
  A howler monkey (D:7)
  A centaur zombie (D:5)
  3 crimson imps
  A hound (D:8)
  3 orc priests
  2 jellies
  9 orc wizards
  A human zombie (Ossuary)
  A bullfrog skeleton (D:4)
  A centaur skeleton (D:5)
  Ijyb (D:4)
  Natasha (thrice) (D:4)
  2 iguanas
  7 worker ants
  3 mummies (Ossuary)
  A worker ant zombie (D:5)
  5 adders
  4 gnolls (D:8)
  3 shadow imps
  4 worms
  An adder skeleton (D:5)
  5 dart slugs
  2 leopard geckos
  19 orcs
  6 giant cockroaches
  10 goblins
  5 hobgoblins
  2 jackals (D:1)
  16 kobolds
  4 quokkas
  2 ball pythons
  10 bats
  3 frilled lizards
  7 goblin zombies (Ossuary)
  A hobgoblin zombie (Ossuary)
  A jackal skeleton (D:4)
  3 kobold zombies (Ossuary)
  A leopard gecko zombie (D:5)
  An orc zombie (Ossuary)
  13 rats
  A plant (Lair:2)
270 creatures vanquished.

Vanquished Creatures (others)
  An orc wizard (D:9)
  3 demonic plants (Gauntlet)
  12 fungi (Gauntlet)
  27 plants
43 creatures vanquished.

Grand Total: 313 creatures vanquished

Notes
Turn   | Place    | Note
-------+----------+-------------------------------------------
     0 | D:1      | nikopol the Minotaur Berserker began the quest for the Orb.
     0 | D:1      | Reached XP level 1. HP: 19/19 MP: 0/0
   122 | D:1      | Reached XP level 2. HP: 27/27 MP: 1/1
   126 | D:1      | Reached skill level 4 in Axes
   221 | D:1      | Found a glowing golden altar of the Shining One.
   398 | D:1      | Reached ** piety under Trog
   501 | D:2      | Reached XP level 3. HP: 32/33 MP: 2/2
  1111 | D:2      | Reached XP level 4. HP: 41/41 MP: 3/3
  1564 | D:3      | Noticed a bullfrog
  1568 | D:3      | Killed a bullfrog
  1568 | D:3      | Reached skill level 5 in Axes
  1568 | D:3      | Reached XP level 5. HP: 44/47 MP: 4/4
  2005 | D:3      | Found a stormy altar of Qazlal.
  2195 | D:3      | Reached *** piety under Trog
  2422 | D:4      | Found a sand-covered staircase.
  2426 | Ossuary  | Entered an ossuary
  2426 | Ossuary  | Noticed a wraith
  2426 | Ossuary  | Noticed a wraith
  2426 | Ossuary  | Noticed a wraith
  2537 | Ossuary  | Reached skill level 5 in Fighting
  2537 | Ossuary  | Reached skill level 6 in Axes
  2750 | Ossuary  | Reached XP level 6. HP: 55/56 MP: 5/5
  2831 | Ossuary  | Noticed a wraith
  2838 | Ossuary  | Killed a wraith
  2998 | Ossuary  | Reached skill level 7 in Axes
  3117 | D:4      | Got a pitted ring mail
  3128 | D:4      | Identified the +1 ring mail of the Hidden Vale {rN++ Dex+7}
                  | (You found it on level 4 of the Dungeon)
  3184 | D:4      | Found a staircase to the Ecumenical Temple.
  3213 | D:4      | Found Ashazxurgh's Antique Armour Boutique.
  3229 | D:4      | Reached XP level 7. HP: 61/61 MP: 6/6
  3246 | D:4      | Reached skill level 5 in Armour
  3487 | D:4      | Noticed Natasha
  3494 | D:4      | Killed Natasha
  3670 | D:4      | Noticed Natasha
  3674 | D:4      | Killed Natasha
  3787 | D:4      | Noticed Natasha
  3796 | D:4      | Killed Natasha
  3796 | D:4      | Reached skill level 8 in Axes
  3957 | D:4      | Noticed Ijyb
  3964 | D:4      | Killed Ijyb
  4048 | D:5      | Entered Level 5 of the Dungeon
  4278 | D:5      | Noticed Menkaure
  4284 | D:5      | Killed Menkaure
  4284 | D:5      | Reached **** piety under Trog
  4284 | D:5      | Reached skill level 1 in Stealth
  4284 | D:5      | Reached XP level 8. HP: 11/70 MP: 7/7
  4752 | D:5      | Found a runed translucent gate.
  4752 | D:5      | Found a runed translucent gate.
  4753 | D:5      | Found a runed translucent gate.
  4753 | D:5      | Noticed MisterFreud's ghost (amateur OpFi)
  4982 | D:5      | Found a shadowy altar of Dithmenos.
  5123 | D:5      | Reached skill level 9 in Axes
  5127 | D:5      | Killed MisterFreud's ghost
  5399 | D:6      | Reached skill level 10 in Axes
  5770 | D:6      | Found an opulent altar of Gozag.
  5774 | D:6      | Found a shattered altar of Ashenzari.
  6187 | D:7      | Noticed Pikel
  6303 | D:7      | Reached XP level 9. HP: 75/78 MP: 8/8
  6409 | D:4      | Bought a pair of scorched boots for 228 gold pieces
  6419 | D:4      | Identified the +1 pair of boots "Edeulubb" {Int+6} (You
                  | bought it in a shop on level 4 of the Dungeon)
  6662 | D:8      | Reached skill level 11 in Axes
  7022 | D:8      | Noticed a two-headed ogre
  7029 | D:8      | Killed a two-headed ogre
  7029 | D:8      | Reached ***** piety under Trog
  7029 | D:8      | Reached skill level 12 in Axes
  7029 | D:8      | Reached skill level 5 in Dodging
  7274 | D:8      | Reached XP level 10. HP: 76/89 MP: 9/9
  7339 | D:8      | Noticed a two-headed ogre
  7557 | D:8      | Noticed an eight-headed hydra
  7562 | D:8      | Noticed a cyclops
  7937 | D:9      | Reached skill level 13 in Axes
  8032 | D:9      | Received a gift from Trog
  8048 | D:9      | Found a staircase to the Lair.
  8059 | D:9      | Noticed a two-headed ogre
  8068 | D:9      | Killed a two-headed ogre
  8505 | D:9      | Reached skill level 14 in Axes
  8512 | D:9      | Reached XP level 11. HP: 99/99 MP: 3/10
  8755 | D:10     | Entered Level 10 of the Dungeon
  8785 | Lair:1   | Entered Level 1 of the Lair of Beasts
  8885 | D:4      | Bought a warped chain mail for 228 gold pieces
  8895 | D:4      | Identified the cursed +0 chain mail "Duatsyed" {rF++ rCorr
                  | Str+4 Int+6} (You bought it in a shop on level 4 of the
                  | Dungeon)
  9303 | Lair:1   | Reached skill level 10 in Fighting
 10039 | Lair:1   | Reached skill level 15 in Axes
 10769 | Lair:2   | Got an encrusted mace
 10794 | Lair:2   | Found a gate leading to a gauntlet.
 10811 | Gauntlet | Entered a Gauntlet
 10811 | Gauntlet | Found a transporter.
 10811 | Gauntlet | Found a transporter.
 10816 | Gauntlet | Found a transporter.
 10831 | Gauntlet | Found a transporter.
 10844 | Gauntlet | Noticed a queen ant
 10849 | Gauntlet | Found a transporter.
 10858 | Gauntlet | Found a transporter.
 10948 | Gauntlet | Found a transporter.
 10962 | Gauntlet | Found a transporter.
 10975 | Gauntlet | Noticed a queen ant
 10976 | Gauntlet | Found a transporter.
 10989 | Gauntlet | Found a transporter.
 11006 | Gauntlet | Noticed a green death
 11074 | Gauntlet | Found a transporter.
 11075 | Gauntlet | Found a transporter.
 11083 | Gauntlet | Noticed a death ooze
 11085 | Gauntlet | Found a transporter.
 11088 | Gauntlet | Found a transporter.
 11092 | Gauntlet | Noticed a reaper
 11094 | Gauntlet | Found a transporter.
 11094 | Gauntlet | Found a transporter.
 11227 | Gauntlet | Killed a death ooze
 11385 | Gauntlet | Got a translucent ring mail
 11450 | Gauntlet | Got a brightly glowing hat
 11455 | Gauntlet | HP: 3/101 [green death/poison arrow (39)]
 11462 | Gauntlet | Killed a green death
 11462 | Gauntlet | Reached skill level 16 in Axes
 11476 | Gauntlet | HP: 5/101 [poisoned by an orange demon]
 11481 | Gauntlet | HP: 3/101 [poisoned by an orange demon]
 11486 | Gauntlet | HP: 2/101 [poisoned by an orange demon]
 11491 | Gauntlet | HP: 2/101 [poisoned by an orange demon]
 11887 | Gauntlet | Identified the cursed +0 hat of the Grue {Slay+3} (You
                  | found it in a Gauntlet)
 11918 | Gauntlet | Noticed a minotaur
 11927 | Gauntlet | Killed a minotaur
 11927 | Gauntlet | Reached XP level 12. HP: 95/108 MP: 3/11
 11933 | Gauntlet | Identified the Incunabulum of the Glacier
 11950 | Lair:2   | Reached skill level 10 in Armour
 11951 | Lair:2   | Noticed an eight-headed hydra
 11955 | Lair:2   | Identified the +6 mace of Ixtoups {freeze, Int+2} (You
                  | found it on level 2 of the Lair of Beasts)
 11957 | Lair:2   | HP: 3/108 [eight-headed hydra (7)]
 11957 | Lair:2   | Slain by an eight-headed hydra

Levels and vault maps discovered:
D:1:      enne_arrival_octagon_isle, layout_rooms, tso_metal_star
D:2:      cheibrodos_old_hovel, layout_basic, first_ration
D:3:      wander_river, layout_basic, serial_curves, eino_curves_01,
          eino_curves_04, grunt_qazlal_clouds
D:4:      layout_basic, minmay_temple_entry_offerings, enter_ossuary_5,
          serial_shops, shop, minmay_misc_feat_diagonals, uniq_ijyb,
          uniq_natasha
D:5:      layout_loops_ring, gammafunk_ghost_necromancy, fountainhead,
          kennysheep_doodads, grunt_dithmenos_shadows, uniq_menkaure
D:6:      layout_basic, minitemple
D:7:      layout_loops_ring, grunt_ogre_cave, uniq_pikel
D:8:      layout_rooms, minmay_misc_feat_plants, nrook_campfire,
          onia_ninara_dug_in_and_dangerous
D:9:      layout_basic, dpeg_oklobed_lair
D:10:     layout_loops_corners, gammafunk_ghost_icy
Lair:1:   layout_layer_cave, lemuel_fruit_tree, grunt_megastairs_3
Lair:2:   cheibrodos_lair_river_kwai, layout_small_grid, swamp_mist,
          gauntlet_entry_generic, uniq_harold

Skill      XL: |  1  2  3  4  5  6  7  8  9 10 11 12 |
---------------+-------------------------------------+-----
Axes           | 4 5 6 7 8 10 12 14 16 | 16.3
Fighting       | 4 5 6 8 9 10 | 10.9
Armour         | 3 4 6 7 8 9 10 | 10.1
Dodging        | 3 5 6 |  6.8
Stealth        | 1 2 3 |  3.3

Action                   |  1- 3 |  4- 6 |  7- 9 | 10-12 || total
-------------------------+-------+-------+-------+-------++-------
Melee: Hand axe          |   100 |     7 |       |       ||   107
       Headbutt          |    11 |    24 |    49 |    68 ||   152
       War axe           |       |   109 |   210 |    74 ||   393
       Battleaxe         |       |       |       |   151 ||   151
       Mace              |       |       |       |     2 ||     2
Invok: Berserk           |       |       |     4 |     5 ||     9
Evoke: Wand              |       |       |       |     1 ||     1
  Use: Scroll            |       |     5 |     2 |     6 ||    13
       Potion            |       |       |       |     4 ||     4
 Stab: Sleeping          |       |       |     2 |       ||     2
  Eat: Chunk             |       |     4 |    10 |    15 ||    29
       Ration            |       |     1 |     2 |     1 ||     4
Armor: Animal skin       |     3 |       |       |       ||     3
       Scale mail        |    36 |    28 |       |       ||    64
       Ring mail         |       |     2 |    57 |    38 ||    97
       Chain mail        |       |       |       |    62 ||    62
Dodge: Dodged            |    65 |    53 |   130 |   175 ||   423

Table legend:
 A = Non-vault XP
 B = Vault XP
 C = Vault XP percentage of total XP
 D = Non-vault monster count
 E = Vault monster count
 F = Vault count percentage of total count
                 A         B        C        D         E       F
            +---------+---------+-------+---------+---------+-------
      Total |   17601 |    5487 |  23.8 |     234 |      35 |  13.0
            +---------+---------+-------+---------+---------+-------
        D:1 |      39 |       0 |   0.0 |      24 |       0 |   0.0
        D:2 |      56 |       4 |   6.7 |      25 |       1 |   3.8
        D:3 |     175 |       0 |   0.0 |      16 |       0 |   0.0
        D:4 |     471 |      72 |  13.3 |      18 |       2 |  10.0
        D:5 |     141 |     552 |  79.7 |       8 |       8 |  50.0
        D:6 |     458 |       0 |   0.0 |       7 |       0 |   0.0
        D:7 |     611 |     116 |  16.0 |      16 |       1 |   5.9
        D:8 |    2969 |       0 |   0.0 |      34 |       0 |   0.0
        D:9 |    5382 |       0 |   0.0 |      50 |       0 |   0.0
       D:10 |     124 |       0 |   0.0 |       1 |       0 |   0.0
     Lair:1 |    4852 |     418 |   7.9 |      26 |       1 |   3.7
     Lair:2 |    2323 |       0 |   0.0 |       9 |       0 |   0.0
    Ossuary |       0 |     389 | 100.0 |       0 |      17 | 100.0
   Gauntlet |       0 |    3936 | 100.0 |       0 |       5 | 100.0
            +---------+---------+-------+---------+---------+-------
